 Dungeon Crawl Stone Soup version 0.30.1-11-g7821555f0a (webtiles) character file.

Game seed: 9952303664343769089

40 RancidPinata the Cudgeller (level 3, -1/23 HPs)
             Began as a Gargoyle Gladiator on Dec 6, 2023.
             Frozen to death by an endoplasm (5 damage)
             ... on level 2 of the Dungeon.
             The game lasted 00:02:51 (519 turns).

RancidPinata the Cudgeller (Gargoyle Gladiator)      Turns: 519, Time: 00:02:52

Health: -1/23      AC:  9    Str: 19    XL:     3   Next: 50%
Magic:  3/3        EV: 11    Int:  8    God:
Gold:   65         SH:  0    Dex: 11    Spells: 2/2 levels left

rFire   . . .        a - +0 flail
rCold   . . .        (no shield)
rNeg    + . .        i - +0 ring mail
rPois   ∞            c - +0 helmet
rElec   +            (no cloak)
rCorr   .            (no gloves)
SInv    .            (no boots)
Will    .....        (no amulet)
Stlth   +            (no ring)
HPRegen 0.23/turn    (no ring)
MPRegen 0.08/turn

%: no passive effects
@: no status effects
A: sickness immunity, AC +3, negative energy resistance 1, electricity
resistance, torment resistance 1, petrification resistance
a: no special abilities


You were on level 2 of the Dungeon.
You visited 1 branch of the dungeon, and saw 2 of its levels.

You collected 65 gold pieces.

Inventory:

Hand Weapons
 a - a +0 flail (weapon)
Missiles
 d - 3 throwing nets (quivered)
 e - 3 javelins
Armour
 c - a +0 helmet (worn)
 i - a +0 ring mail (worn)
Scrolls
 b - a scroll of enchant weapon {unknown}
 f - a scroll of vulnerability {unknown}
 h - a scroll of poison {unknown}
 j - a scroll of enchant armour {unknown}
Potions
 g - a potion of mutation {unknown}


   Skills:
 * Level 3.0 Fighting
 + Level 3.2 Maces & Flails
 + Level 2.1 Throwing
 + Level 1.1 Armour
 - Level 2.4 Dodging
 + Level 1.2 Stealth


You had 2 spell levels left.
You didn't know any spells.
Your spell library was empty.

Dungeon Overview and Level Annotations

Branches:
Dungeon (2/15)

Altars:


Innate Abilities, Weirdness & Mutations

You are immune to sickness and miasma.
Your stone body is resilient. (AC +3)
You are immune to poison.
You resist negative energy. (rN+)
You are resistant to electric shocks. (rElec)
You are resistant to unholy torment.
You are immune to petrification.


Message History

You hit the worm.
The worm is moderately wounded.
The adder bites you but does no damage. The worm bites you.
The adder barely misses you.
You barely miss the worm.
The worm is moderately wounded.
The adder bites you. The worm closely misses you.
You hit the worm.
The worm is heavily wounded.
The adder bites you but does no damage. x2; The worm barely misses you.
You hit the worm.
The worm is severely wounded.
The adder bites you. The adder misses you.
You hit the worm but do no damage.
The worm is severely wounded.
The adder bites you but does no damage. The worm bites you but does no damage.
You hit the worm but do no damage.
The worm is severely wounded.
The adder closely misses you. x2; The worm bites you!
* * * LOW HITPOINT WARNING * * *
You hit the worm.
The worm is almost dead.
The adder completely misses you. The worm barely misses you.
The adder bites you but does no damage.
You hit the worm.
You kill the worm!
The adder bites you.
* * * LOW HITPOINT WARNING * * *
You closely miss the adder. The adder bites you but does no damage.
The adder barely misses you.
You sock the adder!
The adder is almost dead.
The adder barely misses you.
You hit the adder.
You kill the adder!
Your Fighting skill increases to level 3!
You barely miss the endoplasm. The endoplasm freezes you.
You are frozen.
You die...

.
.###.....#.......#
#.
.....#..#.#..####
#.###.#..#.......#
............#.##.#
#..........##.#
#.....#..####.#
##.##.#..####.#
#J##.........#
#@############ #.#
#.# #.# #.# #.#
#.# #..


You could see an endoplasm.

Vanquished Creatures
  An adder (D:2)
  A worm (D:2)
  2 ball pythons
  3 bats (D:1)
  3 endoplasms
  A giant cockroach (D:1)
  2 goblins
  5 hobgoblins (D:1)
  3 kobolds
  4 rats (D:1)
25 creatures vanquished.

Notes
Turn   | Place    | Note
-------+----------+-------------------------------------------
     0 | D:1      | RancidPinata the Gargoyle Gladiator began the quest for the
                  | Orb.
     0 | D:1      | Reached XP level 1. HP: 12/12 MP: 1/1
    39 | D:1      | Found a faded altar of an unknown god.
   188 | D:1      | Reached XP level 2. HP: 17/18 MP: 2/2
   348 | D:1      | Reached skill level 1 in Stealth
   423 | D:2      | Reached skill level 1 in Armour
   423 | D:2      | Reached XP level 3. HP: 21/22 MP: 3/3
   519 | D:2      | Frozen to death by an endoplasm

Illustrated notes

Levels and vault maps discovered:
D:1:      co_arrival_square_in_a_square_in_a_square, layout_rooms,
          ebering_ecumenical_altar_sacrificial
D:2:      layout_basic, minmay_tromino_v2

Skill      XL: |  1  2  3 |
---------------+----------+-----
Throwing       | 2 |  2.1
Stealth        | 1 |  1.2
Armour         | 1 |  1.1
Fighting       | 3 |  3.0
Maces & Flails | |  3.2
Dodging        | |  2.4

Action                     || total
---------------------------++-------
  Melee: Flail             ||    97
 Armour: Leather armour    ||    38
         Ring mail         ||    26
  Dodge: Dodged            ||    71
